 Dungeon Crawl Stone Soup version 0.31.0-9-g3a7656b989 (webtiles) character file.

Game seed: 16263201689664196851

131 qw the Skirmisher (level 4, -2/25 HPs)
             Began as a Deep Elf Hunter on Feb 2, 2024.
             Succumbed to a killer bee's poison
             ... on level 3 of the Dungeon.
             The game lasted 00:00:10 (2084 turns).

qw the Skirmisher (Deep Elf Hunter)                 Turns: 2084, Time: 00:00:10

Health: -2/25      AC:  8    Str: 10    XL:     4   Next: 91%
Magic:  6/6        EV: 11    Int: 14    God:
Gold:   235        SH:  0    Dex: 18    Spells: 3/3 levels left

rFire   . . .        a - +1 shortbow
rCold   . . .        (shield currently unavailable)
rNeg    . . .        i - +0 ring mail
rPois   +            h - +0 helmet
rElec   .            (no cloak)
rCorr   .            (no gloves)
SInv    .            f - +1 pair of boots
Will    .....        e - amulet of the acrobat
Stlth   +            k - ring of poison resistance
HPRegen 0.24/turn    (no ring)
MPRegen 0.10/turn

%: acrobat
@: lethally poisoned (-2 -> -12)
A: no striking features
a: no special abilities


You were on level 3 of the Dungeon.
You visited 1 branch of the dungeon, and saw 4 of its levels.

You collected 235 gold pieces.


   Skills:
 - Level 1.5 Fighting
 + Level 8.3 Ranged Weapons
 - Level 2.4 Dodging
 - Level 1.2 Stealth


You had 3 spell levels left.
You didn't know any spells.
Your spell library was empty.

Inventory:

Hand Weapons
 a - a +1 shortbow (weapon)
Armour
 f - a +1 pair of boots (worn)
 h - a +0 helmet (worn)
 i - a +0 ring mail (worn)
Jewellery
 e - an amulet of the acrobat (around neck)
 k - a ring of poison resistance (left hand)
Wands
 b - a wand of polymorph (18)
Potions
 g - a potion of mutation
 l - a potion of curing

Dungeon Overview and Level Annotations

Branches:
Dungeon (4/15)
 Temple: D:4-7

Altars:
Hepliaklqana
Nemelex Xobeh
Xom


Message History

There is a stone staircase leading up here.
2072 ||| STAIRDANCE The killer bee stings you but does no damage.
The killer bee misses you. The killer bee closely misses you.
You climb upwards.
There is a stone staircase leading down here.
You shoot an arrow.
The arrow hits the killer bee but does no damage.
The killer bee closely misses you. The killer bee barely misses you.
You shoot an arrow.
The arrow closely misses the killer bee.
The killer bee stings you. x2
You shoot an arrow. The arrow hits the killer bee.
The killer bee is lightly wounded.
The killer bee stings you but does no damage.
The killer bee closely misses you. The killer bee stings you!
You shoot an arrow.
The arrow completely misses the killer bee.
The killer bee barely misses you. x2
You shoot an arrow. The arrow misses the killer bee.
The killer bee barely misses you. The killer bee stings you.
You shoot an arrow. The arrow hits the killer bee.
The killer bee is heavily wounded.
The killer bee barely misses you. The killer bee completely misses you.
You shoot an arrow. The arrow hits the killer bee.
The killer bee is heavily wounded.
The killer bee misses you. x3
You shoot an arrow. The arrow hits the killer bee.
The killer bee is severely wounded.
The killer bee stings you. The killer bee barely misses you.
You shoot an arrow.
The arrow closely misses the killer bee.
The killer bee barely misses you. The killer bee stings you.
You shoot an arrow. The arrow barely misses the killer bee.
The killer bee stings you but does no damage.
The killer bee stings you.
You are lethally poisoned!
The killer bee poisons you!
You shoot an arrow. The arrow misses the killer bee.
You die...

##~~~#.#.~~#.#
#....~##.##~....#
##.7_#^.~##.#
#....~~~.~~~#.#..
##.#7..###.#
#.............#..
###}###...#
##...~~~.~~~###.# #......##
##).~##.##~##..# ######.##
##..#~#~.~#~...## #..#
##..##~#~_~#~#### ##.#
#.y##.~#~~~#~#
##.###@###.~#####~#
#......##.!~~~~~~~#
#.....###.########
#.........# ###....######
##.....[# ##..######
#<.########################
#.##....................%..


You could see a killer bee.

Vanquished Creatures
  Ijyb (D:3)
  Robin (D:3)
  A gnoll (D:1)
  2 adders
  3 dart slugs
  A ribbon worm (D:3)
  2 orcs (D:3)
  3 bats
  4 endoplasms
  A giant cockroach (D:1)
  9 goblins
  4 hobgoblins
  6 jackals
  2 quokkas (D:3)
  5 ball pythons
  3 frilled lizards
  2 kobolds
  3 rats (D:1)
53 creatures vanquished.

Notes
Turn   | Place    | Note
-------+----------+-------------------------------------------
     0 | D:1      | qw the Deep Elf Hunter began the quest for the Orb.
     0 | D:1      | Reached XP level 1. HP: 12/12 MP: 3/3
     0 | D:1      | 0 ||| qw: Version: 0.3-a-155-g5e7d8dd
     0 | D:1      | 0 ||| qw: Game counter: 925
     0 | D:1      | 0 ||| qw: Melee chars always use a shield: true
     0 | D:1      | 0 ||| qw: God list: Okawaru
     0 | D:1      | 0 ||| qw: Allow faded altars: false
     0 | D:1      | 0 ||| qw: Do Orc after clearing Dungeon:15 true
     0 | D:1      | 0 ||| qw: Do second Lair branch before Depths: true
     0 | D:1      | 0 ||| qw: Lair rune preference: random
     0 | D:1      | 0 ||| qw: Goals: Normal
     0 | D:1      | 0 ||| PLANNING D:1-11
   176 | D:1      | Reached XP level 2. HP: 16/16 MP: 4/4
   177 | D:1      | Reached skill level 6 in Ranged Weapons
   295 | D:1      | Reached XP level 3. HP: 20/20 MP: 5/5
   731 | D:1      | 731 ||| UPGRADING to +0 pair of boots.
   736 | D:1      | 736 ||| DROPPING +6 ring of intelligence.
   737 | D:1      | 737 ||| READING scroll labelled NIEMOPL KOFEO.
   737 | D:1      | 737 ||| ENCHANTING +0 pair of boots.
   738 | D:1      | 738 ||| READING 3 scrolls labelled MAMIQU NAMPUHU.
   738 | D:1      | 738 ||| IDENTIFYING pink potion
   739 | D:1      | 739 ||| READING 2 scrolls of identify.
   739 | D:1      | 739 ||| IDENTIFYING 2 black potions
   740 | D:1      | 740 ||| READING scroll of identify.
   740 | D:1      | 740 ||| IDENTIFYING 2 brown potions
   741 | D:1      | 741 ||| READING scroll labelled QEENAMPIGIL.
   742 | D:1      | 742 ||| READING scroll labelled HEUWEW CYZANI.
   745 | D:1      | 745 ||| READING scroll labelled XERAXO AFURAZA.
   746 | D:1      | 746 ||| DROPPING scroll of butterflies.
   747 | D:1      | 747 ||| DROPPING 2 potions of degeneration.
   857 | D:2      | Reached skill level 7 in Ranged Weapons
   923 | D:2      | Found a faded altar of an unknown god.
  1279 | D:2      | 1279 ||| UPGRADING to amulet of the acrobat.
  1284 | D:2      | 1284 ||| UPGRADING to ring of poison resistance.
  1285 | D:2      | 1285 ||| READING scroll labelled VIBLEI ZEQEIR.
  1286 | D:2      | 1286 ||| READING scroll labelled XUIMESIJOU.
  1387 | D:2      | 1387 ||| READING scroll labelled ISHEAKL DENUGA.
  1479 | D:3      | Reached XP level 4. HP: 25/25 MP: 6/6
  1489 | D:3      | Found a hazy altar of Hepliaklqana.
  1489 | D:3      | Found a sparkling altar of Nemelex Xobeh.
  1671 | D:3      | Found a shimmering altar of Xom.
  1672 | D:3      | Found a shimmering altar of Xom.
  1673 | D:3      | Found a shimmering altar of Xom.
  1691 | D:3      | Noticed Ijyb
  1691 | D:3      | Noticed Robin
  1707 | D:3      | HP: 6/25 [goblin/+0 dagger (5)]
  1708 | D:3      | 1708 ||| READING scroll of teleportation.
  1712 | D:3      | HP: 4/37 [Ijyb/+0 club (7)]
  1713 | D:3      | 1713 ||| DRINKING 3 potions of heal wounds.
  1729 | D:3      | Killed Ijyb
  1729 | D:3      | HP: 6/25 [goblin/+0 dagger (2)]
  1730 | D:3      | Reached skill level 8 in Ranged Weapons
  1730 | D:3      | 1730 ||| DRINKING 2 potions of heal wounds.
  1745 | D:3      | HP: 5/25 [goblin/+0 dagger (2)]
  1746 | D:3      | 1746 ||| DRINKING potion of heal wounds.
  1750 | D:3      | Killed Robin
  1754 | D:3      | 1754 ||| FLEEEEING.
  1755 | D:3      | 1755 ||| FLEEEEING.
  1756 | D:3      | 1756 ||| FLEEEEING.
  1757 | D:3      | 1757 ||| FLEEEEING.
  1758 | D:3      | 1758 ||| FLEEEEING.
  1759 | D:3      | 1759 ||| FLEEEEING.
  1760 | D:3      | 1760 ||| FLEEEEING.
  1761 | D:3      | 1761 ||| FLEEEEING.
  1932 | D:3      | 1932 ||| UPGRADING to +0 helmet.
  1937 | D:3      | 1937 ||| UPGRADING to +0 ring mail.
  1947 | D:3      | 1947 ||| DROPPING +0 leather armour.
  1948 | D:3      | 1948 ||| DROPPING +1 hat.
  1949 | D:3      | 1949 ||| READING 3 scrolls of identify.
  1949 | D:3      | 1949 ||| IDENTIFYING lumpy amethyst potion
  1950 | D:3      | 1950 ||| READING 2 scrolls of identify.
  1950 | D:3      | 1950 ||| IDENTIFYING green potion
  1951 | D:3      | 1951 ||| READING scroll of identify.
  1951 | D:3      | 1951 ||| IDENTIFYING scroll labelled HIX ENOLLEV
  1952 | D:3      | 1952 ||| READING scroll of enchant weapon.
  1952 | D:3      | 1952 ||| ENCHANTING +0 shortbow.
  1953 | D:3      | 1953 ||| READING scroll labelled JAOZI ZUGYKEPT.
  2054 | D:3      | 2054 ||| DROPPING potion of berserk rage.
  2065 | D:4      | 2065 ||| STAIRDANCE
  2072 | D:4      | 2072 ||| STAIRDANCE
  2082 | D:3      | HP: 4/25 [killer bee (4)]
  2083 | D:3      | HP: 1/25 [killer bee (3)]
  2084 | D:3      | Succumbed to a killer bee's poison

Levels and vault maps discovered:
D:1:      lightli_arrival_quake, layout_loops_cross, serial_bayou_pond_d,
          minmay_split_cup_large
D:2:      layout_basic, hellmonk_ecumenical_altar_dog_temple
D:3:      layout_rooms, xom_redecorated, nicolae_overflow_two_pavilions,
          nicolae_goblin_pals, uniq_robin
D:4:      layout_loops_ring, ashenzari_altar_1, uniq_natasha, uniq_pikel,
          uniq_crazy_yiuf_cottage

Skill      XL: |  1  2  3  4 |
---------------+-------------+-----
Ranged Weapons | 6 7 8 |  8.3
Fighting       | |  1.5
Dodging        | |  2.4
Stealth        | |  1.2

Action                     |  1- 3 |  4- 6 || total
---------------------------+-------+-------++-------
  Melee: Unarmed           |       |     7 ||     7
   Fire: Shortbow          |    92 |   109 ||   201
    Use: Scroll            |    10 |     6 ||    16
         Potion            |       |     3 ||     3
 Armour: Leather armour    |    21 |    44 ||    65
         Skin              |       |    25 ||    25
         Ring mail         |       |    13 ||    13
  Dodge: Dodged            |    21 |    58 ||    79

Table legend:
 A = Non-vault XP
 B = Vault XP
 C = Vault XP percentage of total XP
 D = Non-vault monster count
 E = Vault monster count
 F = Vault count percentage of total count
                 A         B        C        D         E       F
            +---------+---------+-------+---------+---------+-------
      Total |     116 |      72 |  38.3 |      39 |      14 |  26.4
            +---------+---------+-------+---------+---------+-------
        D:1 |      44 |       5 |  10.2 |      15 |       4 |  21.1
        D:2 |      30 |       4 |  11.8 |       9 |       2 |  18.2
        D:3 |      42 |      63 |  60.0 |      15 |       8 |  34.8
            +---------+---------+-------+---------+---------+-------
